 Dungeon Crawl Stone Soup version 0.30.0-29-ga12c61a403 (webtiles) character file.

Game seed: 12259197934000938937

49 Graphine the Trooper (level 3, -1/29 HPs)
             Began as a Demonspawn Monk on June 24, 2023.
             Splashed by a jelly's acid (8 damage)
             ... on level 1 of the Dungeon.
             The game lasted 00:00:58 (199 turns).

Graphine the Trooper (Demonspawn Monk)               Turns: 199, Time: 00:01:00

Health: -1/29      AC: 10    Str: 11    XL:     3   Next: 53%
Magic:  4/4        EV:  6    Int: 11    God:
Gold:   31         SH:  0    Dex: 17    Spells: 3/3 levels left

rFire   . . .        a - +0 falchion
rCold   . . .        d - orb {light}
rNeg    . . .        g - +0 chain mail
rPois   .            (no helmet)
rElec   .            (no cloak)
rCorr   .            (no gloves)
SInv    .            (no boots)
Will    .....        (no amulet) Stlth
                     (no ring)
HPRegen 0.24/turn    (no ring)
MPRegen 0.09/turn

%: no passive effects
@: confused, brilliant, ambrosia-drunk, corroded, sanguine armoured, glowing
A: ignite blood 1, sanguine armour 1
a: no special abilities


You were on level 1 of the Dungeon.
You visited 1 branch of the dungeon, and saw 1 of its levels.

You collected 31 gold pieces.

Inventory:

Hand Weapons
 a - a +0 falchion (weapon)
Armour
 d - an orb of light (worn)
 g - a +0 chain mail (worn)
Scrolls
 e - 2 scrolls of identify


   Skills:
 * Level 3.3 Fighting
 + Level 2.8 Long Blades
 + Level 0.3 Armour
 + Level 2.9 Dodging
 + Level 0.3 Shields
 + Level 0.6 Spellcasting
 * Level 1.3 Necromancy
 * Level 1.5 Invocations


You had 3 spell levels left.
You didn't know any spells.
Your spell library was empty.

Dungeon Overview and Level Annotations

Branches:
Dungeon (1/15)

Altars:


Innate Abilities, Weirdness & Mutations

Your demonic aura sometimes causes spilled blood to erupt in flames.
When seriously injured, your blood forms armour. (AC +6)


Message History

Aim: a jackal (haloed, about 28% to evade your +0 falchion)
You hit the jackal.
You kill the jackal!
Your blood armour dries and flakes away.
Unknown command.
Hit: a) +0 falchion
Press: ? - help, Dir - move target, f - jelly
Aim: a jelly (haloed, about 3% to evade your +0 falchion)
You hit the jelly.
Your hands burn!
Your blood congeals into armour.
The jelly is moderately wounded.
The jelly hits you. The acid corrodes you!
You are splashed with acid!
The endoplasm jiggles.
Hit: a) +0 falchion
Press: ? - help, Dir - move target, f/p - jelly
Aim: a jelly (moderately wounded, haloed, about 3% to evade your +0 falchion)
You hit the jelly.
Your hands burn!
* * * LOW HITPOINT WARNING * * *
The jelly is heavily wounded.
The jelly hits you but does no damage.
Hit: a) +0 falchion
Press: ? - help, Dir - move target, f/p - jelly
Aim: a jelly (heavily wounded, haloed, about 3% to evade your +0 falchion)
You hit the jelly but do no damage.
Your hands burn!
* * * LOW HITPOINT WARNING * * *
The jelly is heavily wounded.
The jelly hits you but does no damage.
Hit: a) +0 falchion
Press: ? - help, Dir - move target, f/p - jelly
Aim: a jelly (heavily wounded, haloed, about 3% to evade your +0 falchion)
You hit the jelly.
Your hands burn!
* * * LOW HITPOINT WARNING * * *
The jelly is severely wounded.
The jelly hits you but does no damage.
You feel clever all of a sudden. The jelly hits you but does no damage.
You are confused.
You feel invigorated. The jelly hits you.
* * * LOW HITPOINT WARNING * * *
You are splashed with acid!
You die...

####..........# #.#
#...###.#..######>#
###...........[.....#
###.......(.........##
#...###+#######'###.#
#####...#..⌠...>...⌠..#
#
.........#......<......#
#######..'⌠....###....⌠+
#..#......@†[....#
#..#######J#######
#..#....wrrrJJ...#
#..#.....rJrJ....#
#..#......r......#
#..############### #..


You could see a worm, a jelly, 4 endoplasms and 6 rats.

Vanquished Creatures
  A jelly (D:1)
  A dart slug (D:1)
  2 ball pythons (D:1)
  2 endoplasms (D:1)
  4 giant cockroaches (D:1)
  A hobgoblin (D:1)
  A jackal (D:1)
  A kobold (D:1)
  2 rats (D:1)
15 creatures vanquished.

Notes
Turn   | Place    | Note
-------+----------+-------------------------------------------
     0 | D:1      | Graphine the Demonspawn Monk began the quest for the Orb.
     0 | D:1      | Reached XP level 1. HP: 18/18 MP: 1/1
     0 | D:1      | Noticed a jelly
     0 | D:1      | Noticed a jelly
     1 | D:1      | Found a runed translucent door.
   133 | D:1      | Gained mutation: Your demonic aura sometimes causes spilled
                  | blood to erupt in flames. [demonic ancestry]
   133 | D:1      | Reached XP level 2. HP: 22/24 MP: 2/2
   183 | D:1      | Reached skill level 1 in Necromancy
   183 | D:1      | Reached skill level 1 in Invocations
   183 | D:1      | Gained mutation: When seriously injured, your blood forms
                  | armour. (AC +6) [demonic ancestry]
   183 | D:1      | Reached XP level 3. HP: 19/29 MP: 2/4
   199 | D:1      | Splashed by a jelly's acid

Illustrated notes

Levels and vault maps discovered:
D:1:      dpeg_arrival_caged_fury, layout_loops_ring

Skill      XL: |  1  2 |
---------------+-------+-----
Necromancy     | 1 |  1.3
Invocations    | 1 |  1.5
Fighting       | |  3.3
Long Blades    | |  2.8
Armour         | |  0.3
Dodging        | |  2.9
Shields        | |  0.3
Spellcasting   | |  0.6

Action                     || total
---------------------------++-------
  Melee: Falchion          ||    37
    Use: Scroll            ||     1
         Potion            ||     2
 Armour: Robe              ||     4
         Chain mail        ||    14
  Dodge: Dodged            ||    13
